 Seeded DCSS version 0.29.1-12-g30fa7ad0bf (webtiles) character file.

Game seed: 1 (custom seed)

197018 Kazon the Victor of a Thousand Battles (level 17, -7/137 HPs)
             Began as a Demonspawn Fighter on Dec 20, 2022.
             Was the Champion of Okawaru.
             Mangled by a very large slime creature (42 damage)
             ... on level 15 of the Dungeon on Dec 22, 2022.
             The game lasted 03:18:40 (23299 turns).

Kazon the Victor of a Thousand Battles (DsFi)      Turns: 23299, Time: 03:18:41

Health: -7/137     AC: 30    Str: 27    XL:     17   Next: 76%
Magic:  30/30      EV:  9    Int: 14    God:    Okawaru [******]
Gold:   3628       SH: 11    Dex: 26    Spells: 16/16 levels left

rFire   + + +      SeeInvis .   u - +2 trident (protect)
rCold   + + +      Faith    .   c - +0 kite shield {reflect}
rNeg    . . .      Spirit   .   q - +0 plate armour of Fiuca {-Tele Regen+ Str+9 Dex-3}
rPois   +          Reflect  +   j - +2 hat {Will+}
rElec   .          Harm     .   R - scarf {rC+ rF+}
rCorr   .          Rampage  .   A - +2 pair of gloves {Dex+3}
Will    ++...      NoTele   +   z - +0 pair of boots {Fly}
Stlth   +.........              W - amulet "Odemouw" {Contam rPois rF+++ Regen+ Stlth+}
HPRegen 1.92/turn               h - +6 ring of dexterity
MPRegen 0.22/turn               i - ring "Azxilac" {+Blink rPois rC+ Int-3 Dex+6}

@: under a protective aura, flying, studying 2 skills
A: claws 2, yellow scales 2, powered by death 2, spiny 2, antennae 1, clever 1,
cold resistance 1
}: 1/15 runes: gossamer
a: Renounce Religion, Evoke Blink, Heroism, Finesse, Duel


You were on level 15 of the Dungeon.
You worshipped Okawaru.
Okawaru was exalted by your worship.
You visited 6 branches of the dungeon, and saw 28 of its levels.
You also visited: Gauntlet.

You collected 4815 gold pieces.
You spent 1187 gold pieces at shops.

Inventory:

Hand Weapons
 d - the +5 glaive of the Guard {elec, spectral, AC+5}
   (You acquired it on level 1 of the Dungeon)

   It occasionally discharges a powerful burst of electricity upon striking a
   foe.
   When it strikes, its spirit leaps out and fights alongside the wielder.
   AC:        It affects your AC (+5).
 u - a +2 trident of protection (weapon)
Missiles
 l - 33 boomerangs (quivered)
 D - 2 curare-tipped darts
 G - 14 poisoned darts
 M - 5 datura-tipped darts
 S - 4 atropa-tipped darts
 T - 12 javelins
Armour
 c - a +0 kite shield of reflection (worn)
 j - a +2 hat of willpower (worn)
 q - the +0 plate armour of Fiuca (worn) {-Tele Regen+ Str+9 Dex-3}
   (Okawaru gifted it to you on level 5 of the Lair of Beasts)

   Str:       It affects your strength (+9).
   Dex:       It affects your dexterity (-3).
   -Tele:     It prevents most forms of teleportation.
   Regen:     It increases your rate of health regeneration.
 z - a +0 pair of boots of flying (worn)
 A - a +2 pair of gloves of dexterity (worn)
 R - a scarf of resistance (worn)
Jewellery
 h - a +6 ring of dexterity (left hand)
 i - the ring "Azxilac" (right hand) {+Blink rPois rC+ Int-3 Dex+6}
   (You found it in a Gauntlet)

   [ring of dexterity]

   Int:       It affects your intelligence (-3).
   Dex:       It affects your dexterity (+6).
   rC:        It protects you from cold.
   rPois:     It protects you from poison.
   +Blink:    It lets you blink.
 s - a ring of see invisible
 W - the amulet "Odemouw" (around neck) {Contam rPois rF+++ Regen+ Stlth+}
   (You bought it in a shop on level 8 of the Dungeon)

   [amulet of regeneration]

   rF:        It renders you almost immune to fire.
   rPois:     It protects you from poison.
   Contam:    It causes magical contamination when unequipped.
   Regen:     It increases your rate of health regeneration.
   Stlth:     It makes you more stealthy.
Wands
 y - a wand of mindburst (24)
 E - a wand of flame (8)
 I - a wand of roots (21)
 J - a wand of paralysis (27)
 Q - a wand of polymorph (8)
Scrolls
 e - a scroll of teleportation
 k - 4 scrolls of fog
 o - 4 scrolls of immolation
 H - 4 scrolls of fear
 K - 2 scrolls of poison
 P - 2 scrolls of magic mapping
 X - 2 scrolls of silence
Potions
 a - 7 potions of ambrosia
 b - 5 potions of berserk rage
 f - a potion of invisibility
 g - 5 potions of haste
 m - 10 potions of curing
 n - 2 potions of resistance
 t - 11 potions of lignification
 x - 5 potions of might
 C - 3 potions of cancellation
 Y - 4 potions of heal wounds
Miscellaneous
 r - a lightning rod (1/4)
 N - a condenser vane
 U - a tin of tremorstones (2/2)
 V - a phial of floods (inert)


   Skills:
 + Level 13.3 Fighting
 + Level 4.8(10.9) Axes
 + Level 15.0(15.3) Polearms
 + Level 4.8 Ranged Weapons
 + Level 10.7 Throwing
 + Level 9.0 Armour
 + Level 5.2 Dodging
 + Level 6.9 Stealth
 + Level 3.4 Shields
 * Level 19.3 Invocations
 * Level 13.8 Evocations


You had 16 spell levels left.
You didn't know any spells.
Your spell library contained the following spells:

 Spells                   Type           Power      Damage    Failure   Level
 Apportation              Tloc           0%         N/A       100%        1
 Magic Dart               Conj           0%         1d3       100%        1
 Necrotise                Necr           0%         1d4       100%        1
 Sting                    Tmut/Pois      0%         1d3       100%        1
 Poisonous Vapours        Pois/Air       0%         N/A       100%        2
 Dazzling Flash           Conj/Hex       0%         N/A       100%        3
 Mephitic Cloud           Conj/Pois/Air  0%         N/A       100%        3
 Ozocubu's Armour         Ice            0%         N/A       100%        3
 Iskenderun's Mystic Bla  Conj/Tloc      0%         2d3       100%        4
 Olgreb's Toxic Radiance  Pois           0%         N/A       100%        4
 Alistair's Intoxication  Tmut/Pois      0%         N/A       100%        5
 Blade Hands              Tmut           0%         N/A       100%        5
 Fireball                 Conj/Fire      0%         3d3       100%        5
 Iskenderun's Battlesphe  Conj           0%         2d6       100%        5
 Metabolic Englaciation   Hex/Ice        0%         N/A       100%        5
 Conjure Ball Lightning   Conj/Air       0%         3x3d6     100%        6
 Eringya's Noxious Bog    Tmut/Pois      0%         N/A       100%        6
 Iron Shot                Conj/Erth      0%         9d1       100%        6
 Starburst                Conj/Fire      0%         6d3       100%        6
 Orb of Destruction       Conj           0%         9d5       100%        7
 Ozocubu's Refrigeration  Ice            0%         4d7       100%        7
 Summon Small Mammal      Summ           Unusable   N/A       N/A         1
 Call Imp                 Summ           Unusable   N/A       N/A         2
 Animate Armour           Summ/Erth      Unusable   N/A       N/A         4
 Summon Forest            Summ/Tloc      Unusable   N/A       N/A         5
 Simulacrum               Ice/Necr       Unusable   N/A       N/A         6
 Summon Hydra             Summ           Unusable   N/A       N/A         7

Dungeon Overview and Level Annotations

Branches:
Dungeon (15/15)            Temple (1/1) D:7            Lair (5/5) D:10
 Shoals (0/4) Lair:3       Spider (4/4) Lair:3        Slime (0/5) Lair:4
    Orc (2/2) D:12            Elf (1/3) Orc:2        Vaults (0/5) D:13
Gauntlet (visited)
 Depths: D:15

Altars:
Ashenzari
Dithmenos
Gozag
Hepliaklqana
Kikubaaqudgha
Makhleb
Nemelex Xobeh
Okawaru
Uskayaw
Xom
Jiyva

Shops:
D:3 (   D:8 ?(==   D:10 :   D:13 !   Orc:2 ([*=

Annotations:
D:14 3 runed translucent doors, javelincjr's ghost, journeyman DjHW
Orc:2 1 runed translucent door, LustLizard's ghost, journeyman TrFi


Innate Abilities, Weirdness & Mutations

You have very sharp fingernails.
You are mostly covered in yellow scales. (AC +3)
You regenerate health from kills.
You are mostly covered in sharp spines.
You have a pair of small antennae on your head.
Your mind is acute. (Int +4, Str/Dex -1)
Your flesh is cold resistant. (rC+)


Message History

The very large slime creature is moderately wounded.
You hit the very large slime creature.
The very large slime creature is moderately wounded.
The very large slime creature is struck by your spines.
The very large slime creature hits you but does no damage.
You hit the very large slime creature but do no damage.
The very large slime creature is heavily wounded.
The very large slime creature is struck by your spines.
The very large slime creature hits you!!
You puncture the very large slime creature!
The very large slime creature is heavily wounded.
You hit the very large slime creature.
The very large slime creature is heavily wounded.
You block the very large slime creature's attack.
You hit the very large slime creature.
The very large slime creature is heavily wounded.
The very large slime creature hits you!!!
You hit the very large slime creature but do no damage.
The very large slime creature is heavily wounded.
The very large slime creature hits you!!
You puncture the very large slime creature!
The very large slime creature is severely wounded.
You puncture the very large slime creature!
The very large slime creature is severely wounded.
The very large slime creature closely misses you.
You puncture the very large slime creature!
The very large slime creature is severely wounded.
You block the very large slime creature's attack.
You hit the very large slime creature.
The very large slime creature is severely wounded.
You block the very large slime creature's attack.
You hit the very large slime creature but do no damage.
The very large slime creature is severely wounded.
The very large slime creature hits you!!
* * * LOW HITPOINT WARNING * * *
The very large slime creature attacks as you move away!
You block the very large slime creature's attack.
The very large slime creature attacks as you move away!
The very large slime creature hits you!!!
You die...

#.. .# .. #.#
.# .. ###.#
.##) #....
.#o #.#.# c.
#.#.# .#
#.#.####o#
#...@J.co#
##.#.######
#.###.#
##.#.## ##.##
######...####
........[...+
######..)####
##.##


You could see an orc knight, a very large slime creature, a centaur warrior and
an orc warrior (strong).

Vanquished Creatures
  Mara (Arena)
  Rupert (D:12)
  Donald (Orc:2)
  Agnes (Elf:1)
  6 emperor scorpions
  4 ghost moths
  A cacodemon (Gauntlet)
  An orc warlord (Orc:2)
  3 broodmothers
  A deep elf demonologist (Elf:1)
  Nessos (D:12)
  4 spark wasps
  Snorg (D:14)
  A minotaur (Gauntlet)
  Azrael (D:13)
  3 entropy weavers
  A fire dragon (D:13)
  4 boulder beetles
  Fannar (Lair:2)
  3 hydras
  A hell beast (Gauntlet)
  Erolcha (D:10)
  4 catoblepae
  A vault guard (D:13)
  4 centaur warriors
  A jorogumo (Spider:4)
  A death knight (D:14)
  3 two-headed ogres
  2 dancing weapons (Elf:1)
  10 death yaks
  3 orc high priests (Orc:2)
  8 death scarabs (Spider:4)
  2 spectral emperor scorpions (Spider:4)
  Urug (Orc:1)
  3 deep elf knights (Elf:1)
  4 skeletal warriors (D:13)
  13 pharaoh ants
  A fire crab (D:13)
  A sun moth (Spider:1)
  Lodul (D:12)
  8 steelbarb worms
  7 orb spiders
  A wizard (D:14)
  2 deep elf archers (Elf:1)
  3 spriggan simulacra (D:14)
  3 deep elf zephyrmancers (Elf:1)
  7 spectral wolf spiders
  8 wolf spider zombies
  6 orc sorcerers
  A broodmother zombie (Spider:4)
  A lindwurm (Orc:2)
  22 wolf spiders
  3 cyclopes
  8 deep elf pyromancers
  6 ugly things
  3 manticores
  3 moths of wrath
  5 elephants (Lair:4)
  5 black mambas
  A guardian serpent (Orc:2)
  11 cane toads
  8 torpor snails
  Maggie (D:6)
  4 rime drakes
  2 unseen horrors
  A rime drake (shapeshifter) (D:15)
  An unseen horror (shapeshifter) (Elf:1)
  4 kobold demonologists (D:11)
  15 komodo dragons
  3 spectral redbacks (Spider:4)
  13 demonic crawlers
  2 freezing wraiths (D:14)
  A tengu conjurer (D:12)
  2 efreet
  3 redback zombies (Spider:4)
  5 trolls
  Prince Ribbit (D:9)
  A meliai (shapeshifter) (D:13)
  A queen bee (Spider:4)
  25 tarantellas
  A spectral culicivora (Spider:4)
  2 spectral jumping spiders (Spider:4)
  A polar bear (Lair:4)
  9 meliai (Spider:4)
  2 jumping spider zombies (Spider:4)
  2 tarantella zombies (Spider:4)
  A wolf spider simulacrum (Spider:1)
  17 blink frogs
  2 slime creatures (D:15)
  5 dream sheep (Lair:4)
  A culicivora zombie (Spider:4)
  A snapping turtle (Lair:3)
  2 shadows
  32 jumping spiders
  2 vampires
  63 yaks
  32 culicivoras
  2 wraiths (D:12)
  A water elemental (Elf:1)
  2 fire elementals (D:13)
  3 neqoxecs (Gauntlet)
  5 wyverns
  5 basilisks
  A hog (Orc:2)
  Eustachio (D:5)
  6 vampire mosquitoes
  50 redbacks
  3 minotaur simulacra (D:14)
  2 steam dragons
  Menkaure (D:5)
  Edmund (D:6)
  2 wargs (Orc:1)
  2 acid dragons
  15 water moccasins
  4 hell hounds
  A black bear (shapeshifter) (Elf:1)
  34 orc warriors
  An ice beast (D:8)
  5 sky beasts
  2 black bears (D:6)
  5 centaurs
  11 ogres
  A wolf (D:10)
  2 phantoms (D:6)
  3 kobold brigands
  3 necrophages
  6 bullfrogs
  2 deep troll simulacra (D:14)
  A gnoll sergeant (D:7)
  10 scorpions
  21 wights
  19 killer bees
  3 electric eels
  A howler monkey (D:5)
  2 jellies (D:6)
  6 hounds
  31 orc priests
  2 gnoll boudas
  6 iguanas
  31 orc wizards
  4 hell rats
  Robin (D:3)
  18 gnolls
  13 adders
  3 shadow imps
  2 white imps (D:7)
  An ufetubus (D:5)
  4 worms
  95 orcs
  11 endoplasms
  3 giant cockroaches
  16 goblins
  8 hobgoblins
  A jackal (D:4)
  27 kobolds
  2 quokkas
  5 ball pythons
  4 bats
  3 frilled lizards
  6 rats
1029 creatures vanquished.

Vanquished Creatures (collateral kills)
  A skeletal warrior (D:14)
1 creature vanquished.

Vanquished Creatures (others)
  A deep elf knight (Elf:1)
  A wolf spider simulacrum (Spider:1)
  2 centaur simulacra (D:14)
  An orc warrior (Orc:2)
  24 fungi
  45 plants
74 creatures vanquished.

Grand Total: 1104 creatures vanquished

Notes
Turn   | Place    | Note
-------+----------+-------------------------------------------
     0 | D:1      | Kazon the Demonspawn Fighter began the quest for the Orb.
     0 | D:1      | Reached XP level 1. HP: 18/18 MP: 1/1
    32 | D:1      | Identified a scroll of acquirement
    32 | D:1      | Acquired the +5 glaive of the Guard {elec, spectral, AC+5}
    32 | D:1      | Found the +5 glaive of the Guard {elec, spectral, AC+5}
   190 | D:1      | Gained mutation: You are partially covered in sharp spines.
                  | [demonic ancestry]
   190 | D:1      | Reached XP level 2. HP: 24/24 MP: 2/2
   755 | D:2      | Gained mutation: You regenerate a little health from kills.
                  | [demonic ancestry]
   755 | D:2      | Reached XP level 3. HP: 22/29 MP: 3/3
   801 | D:2      | Reached XP level 4. HP: 27/35 MP: 4/4
  1279 | D:3      | Found Umat's Antique Weapon Boutique.
  1633 | D:3      | Noticed Robin
  1634 | D:3      | Reached XP level 5. HP: 36/41 MP: 5/5
  1641 | D:3      | Killed Robin
  1752 | D:3      | Reached skill level 5 in Fighting
  1752 | D:3      | Reached skill level 5 in Polearms
  1752 | D:3      | Reached skill level 5 in Armour
  1752 | D:3      | Reached skill level 5 in Invocations
  1752 | D:3      | Reached XP level 6. HP: 51/51 MP: 5/10
  2242 | D:4      | Gained mutation: You have sharp fingernails. [demonic
                  | ancestry]
  2242 | D:4      | Reached XP level 7. HP: 57/57 MP: 11/11
  2441 | D:4      | Found a hazy altar of Hepliaklqana.
  2711 | D:5      | Entered Level 5 of the Dungeon
  3113 | D:5      | Gained mutation: You have very sharp fingernails. [demonic
                  | ancestry]
  3113 | D:5      | Reached XP level 8. HP: 60/64 MP: 12/12
  3132 | D:5      | Noticed Menkaure
  3133 | D:5      | Killed Menkaure
  3220 | D:5      | Noticed Eustachio
  3222 | D:5      | Killed Eustachio
  3672 | D:6      | Noticed Maggie
  3683 | D:6      | Killed Maggie
  3684 | D:6      | Reached skill level 5 in Evocations
  3684 | D:6      | Gained mutation: You are mostly covered in sharp spines.
                  | [demonic ancestry]
  3684 | D:6      | Reached XP level 9. HP: 60/69 MP: 13/13
  3891 | D:6      | Noticed Edmund
  3899 | D:6      | Killed Edmund
  4114 | D:7      | You fall into a shaft and drop 2 floors!
  4199 | D:7      | Found a staircase to the Ecumenical Temple.
  4209 | Temple   | Entered the Ecumenical Temple
  4216 | Temple   | Became a worshipper of Warmaster Okawaru
  4252 | D:7      | Found a hide-covered altar of Uskayaw.
  4469 | D:7      | Gained mutation: You are partially covered in yellow
                  | scales. (AC +2) [demonic ancestry]
  4469 | D:7      | Reached XP level 10. HP: 77/77 MP: 14/14
  4635 | D:7      | Reached skill level 6 in Invocations
  4747 | D:7      | Reached * piety under Okawaru
  4978 | D:8      | Found Esumer's Weapon Shop.
  5346 | D:8      | Found Heidghoki's Jewellery Shop.
  5378 | D:8      | Found Quzidd's Magic Scroll Emporium.
  5391 | D:8      | Bought a scroll of teleportation for 42 gold pieces
  5558 | D:8      | Found Zoxtaeshakh's Jewellery Boutique.
  5678 | D:9      | Reached skill level 5 in Throwing
  5721 | D:9      | Noticed a two-headed ogre
  5727 | D:9      | Killed a two-headed ogre
  5763 | D:9      | Reached ** piety under Okawaru
  5989 | D:9      | Noticed Prince Ribbit
  5997 | D:9      | Killed Prince Ribbit
  6008 | D:9      | Reached skill level 7 in Invocations
  6203 | D:10     | Entered Level 10 of the Dungeon
  6290 | D:10     | Found a staircase to the Lair.
  6294 | D:10     | Reached *** piety under Okawaru
  6305 | D:10     | Gained mutation: You are mostly covered in yellow scales.
                  | (AC +3) [demonic ancestry]
  6305 | D:10     | Reached XP level 11. HP: 25/83 MP: 16/16
  6584 | D:10     | Noticed Erolcha
  6587 | D:10     | Killed Erolcha
  6609 | D:10     | Identified the +5 long sword of the Land of Plenty {drain,
                  | Dex+3}
  6632 | D:10     | Found Juagoaq's Book Shoppe.
  6905 | D:10     | Reached **** piety under Okawaru
  7082 | D:10     | Received a gift from Okawaru
  7340 | D:11     | Noticed a green ugly thing
  7343 | D:11     | Killed a green ugly thing
  7344 | D:11     | Reached skill level 8 in Invocations
  7357 | D:11     | Received a gift from Okawaru
  7409 | D:11     | Received a gift from Okawaru
  7410 | D:11     | Reached skill level 10 in Polearms
  7719 | D:11     | Reached ***** piety under Okawaru
  8095 | D:8      | Bought the amulet "Odemouw" {Contam rPois rF+++ Regen+
                  | Stlth+} for 734 gold pieces
  8166 | Lair:1   | Entered Level 1 of the Lair of Beasts
  8242 | Lair:1   | Found the +2 Maxwell's thermic engine {flame, freeze}
  8427 | Lair:1   | Reached XP level 12. HP: 92/92 MP: 18/18
  8440 | Lair:1   | Received a gift from Okawaru
  8665 | Lair:1   | Reached skill level 9 in Invocations
  8925 | Lair:2   | Received a gift from Okawaru
  8986 | Lair:2   | Noticed a catoblepas
  8992 | Lair:2   | Noticed Fannar
  8996 | Lair:2   | Killed a catoblepas
  8997 | Lair:2   | Reached skill level 1 in Ranged Weapons
  9001 | Lair:2   | Killed Fannar
  9002 | Lair:2   | Reached skill level 5 in Stealth
  9709 | Lair:3   | Found a hole to the Spider Nest.
  9922 | Lair:3   | Found a staircase to the Shoals.
  9990 | Lair:3   | Found an ancient bone altar of Kikubaaqudgha.
  9999 | Lair:3   | Reached skill level 10 in Invocations
 10013 | Lair:3   | Noticed a death yak
 10013 | Lair:3   | Noticed a death yak
 10014 | Lair:3   | Noticed a death yak
 10031 | Lair:3   | Killed a death yak
 10039 | Lair:3   | Noticed a death yak
 10048 | Lair:3   | Killed a death yak
 10050 | Lair:3   | Killed a death yak
 10055 | Lair:3   | Killed a death yak
 10055 | Lair:3   | Received a gift from Okawaru
 10055 | Lair:3   | Found the +3 pair of mountain boots {steadfast, rC+}
 10056 | Lair:3   | Reached XP level 13. HP: 96/101 MP: 20/20
 10516 | Lair:4   | Found a staircase to the Slime Pits.
 10517 | Lair:4   | Found a viscous altar of Jiyva.
 10621 | Lair:4   | Identified the +3 battleaxe "Adididghufym" {antimagic, rF+
                  | Will+}
 10730 | Lair:4   | Reached ****** piety under Okawaru
 11013 | Lair:5   | Entered Level 5 of the Lair of Beasts
 11043 | Lair:5   | Reached skill level 5 in Dodging
 11064 | Lair:5   | Reached skill level 11 in Invocations
 11319 | Lair:5   | Received a gift from Okawaru
 11395 | Lair:5   | Reached skill level 10 in Fighting
 12234 | Lair:5   | Identified the +0 plate armour of Fiuca {-Tele Regen+ Str+9
                  | Dex-3} (Okawaru gifted it to you on level 5 of the Lair of
                  | Beasts)
 12234 | Lair:5   | Received a gift from Okawaru
 12329 | Lair:5   | Gained mutation: You regenerate health from kills. [demonic
                  | ancestry]
 12329 | Lair:5   | Reached XP level 14. HP: 111/111 MP: 22/22
 12709 | D:12     | Found a staircase to the Orcish Mines.
 12768 | D:12     | Noticed Nessos
 12772 | D:12     | Killed Nessos
 12814 | D:12     | Noticed Lodul
 12819 | D:12     | Killed Lodul
 12949 | D:12     | Noticed Rupert
 12953 | D:12     | Killed Rupert
 12954 | D:12     | Reached skill level 10 in Evocations
 13294 | D:13     | Noticed Azrael
 13309 | D:13     | Killed Azrael
 13400 | D:13     | Found Ituota Roil's Distillery.
 13403 | D:13     | Bought a potion of berserk rage for 95 gold pieces
 13475 | D:13     | Identified the +2 helmet of Tycuviaw {Contam Str+3 Dex+2
                  | Stlth+} (Okawaru gifted it to you on level 13 of the
                  | Dungeon)
 13475 | D:13     | Received a gift from Okawaru
 13504 | D:13     | Reached skill level 1 in Axes
 13504 | D:13     | Reached skill level 12 in Invocations
 13824 | D:13     | Found a gate to the Vaults.
 14133 | Spider:1 | Entered Level 1 of the Spider Nest
 14325 | Spider:1 | Noticed a broodmother
 14333 | Spider:1 | Killed a broodmother
 14452 | Spider:1 | Acquired a manual of Invocations
 14513 | Spider:1 | Killed a ghost moth
 14513 | Spider:1 | Identified the +2 helmet of Restlessness {rC+ rN+} (Okawaru
                  | gifted it to you on level 1 of the Spider Nest)
 14513 | Spider:1 | Received a gift from Okawaru
 14583 | Spider:1 | Reached XP level 15. HP: 109/120 MP: 13/24
 14778 | Spider:1 | Noticed an emperor scorpion
 14786 | Spider:1 | Reached skill level 13 in Invocations
 14795 | Spider:1 | Killed an emperor scorpion
 15954 | Spider:2 | Noticed an emperor scorpion
 15959 | Spider:2 | Killed an emperor scorpion
 16004 | Spider:2 | Reached skill level 14 in Invocations
 16130 | Spider:2 | Received a gift from Okawaru
 16455 | Spider:3 | Identified the +0 ring mail of Hysteria {Will+ Slay+3}
                  | (Okawaru gifted it to you on level 3 of the Spider Nest)
 16455 | Spider:3 | Received a gift from Okawaru
 16905 | Spider:3 | Noticed an emperor scorpion
 16914 | Spider:3 | Killed an emperor scorpion
 17089 | Spider:3 | Reached skill level 15 in Invocations
 17254 | Spider:3 | Reached XP level 16. HP: 129/129 MP: 27/27
 17476 | Spider:4 | Entered Level 4 of the Spider Nest
 17476 | Spider:4 | Noticed Mara
 17640 | Spider:4 | Received a gift from Okawaru
 17705 | Spider:4 | Received a gift from Okawaru
 17757 | Spider:4 | Received a gift from Okawaru
 17911 | Spider:4 | Reached skill level 16 in Invocations
 18084 | Arena    | Entered the Arena
 18090 | Arena    | Killed Mara
 18090 | Arena    | Received a gift from Okawaru
 18455 | Spider:4 | Received a gift from Okawaru
 18460 | Spider:4 | Reached skill level 17 in Invocations
 18983 | Spider:4 | Identified the +6 chain mail of the Orange Skies {Harm
                  | Drain rElec Dex+5} (Okawaru gifted it to you on level 4 of
                  | the Spider Nest)
 18983 | Spider:4 | Received a gift from Okawaru
 19193 | Spider:4 | Reached XP level 17. HP: 117/135 MP: 29/29
 19255 | Spider:4 | Got a gossamer rune of Zot
 19557 | Orc:1    | Entered Level 1 of the Orcish Mines
 19581 | Orc:1    | Noticed Urug
 19588 | Orc:1    | Killed Urug
 19608 | Orc:1    | Reached skill level 18 in Invocations
 19642 | Orc:1    | Gained mutation: You occasionally shout uncontrollably at
                  | your foes. [mutagenic glow]
 19839 | D:14     | Found a frozen archway.
 19977 | D:14     | Noticed Snorg
 19987 | D:14     | Killed Snorg
 20124 | D:14     | Identified the +6 scale mail "Voetobuo" {Int-3 Dex+8}
 20597 | Orc:2    | Entered Level 2 of the Orcish Mines
 20623 | Orc:2    | Found a staircase to the Elven Halls.
 20739 | Orc:2    | Noticed Donald
 20753 | Orc:2    | Killed Donald
 20796 | Orc:2    | Identified the +1 robe of Chimes {Str+3} (Okawaru gifted it
                  | to you on level 2 of the Orcish Mines)
 20796 | Orc:2    | Received a gift from Okawaru
 20852 | Orc:2    | Found a gate leading to a gauntlet.
 20872 | Orc:2    | Reached skill level 10 in Throwing
 20874 | Orc:2    | Paralysed by an orc sorcerer for 2 turns
 20891 | Gauntlet | Entered a Gauntlet
 20891 | Gauntlet | Found a transporter.
 20894 | Gauntlet | Found a runed translucent door.
 20894 | Gauntlet | Found a transporter.
 20896 | Gauntlet | Found a transporter.
 20899 | Gauntlet | Found a transporter.
 20900 | Gauntlet | Found a transporter.
 20904 | Gauntlet | Found a runed translucent door.
 20908 | Gauntlet | Found a transporter.
 20908 | Gauntlet | Found the +12 glaive of Prune {vorpal}
 20909 | Gauntlet | Found a transporter.
 20952 | Gauntlet | Identified the ring "Azxilac" {+Blink rPois rC+ Int-3
                  | Dex+6}
 20964 | Gauntlet | Found a runed translucent door.
 20981 | Gauntlet | Gained mutation: You are weak. (Str -2) [a neqoxec]
 20989 | Gauntlet | Identified the ring "Mishoal" {*Corrode rElec rPois AC+4
                  | Str+2}
 21317 | Orc:2    | Found a runed translucent door.
 21317 | Orc:2    | Noticed LustLizard's ghost (journeyman TrFi)
 21746 | Orc:2    | Found Leshref's General Store.
 21747 | Orc:2    | Found Geemeife's Jewellery Shoppe.
 21748 | Orc:2    | Found Pisuawn's Antique Armour Emporium.
 21748 | Orc:2    | Found Luduu's Antique Weapon Emporium.
 21762 | Orc:2    | Bought a pair of glowing boots for 172 gold pieces
 21782 | Orc:2    | Bought a potion of heal wounds for 60 gold pieces
 21782 | Orc:2    | Bought a scroll of fear for 48 gold pieces
 21782 | Orc:2    | Bought a potion of curing for 36 gold pieces
 21929 | Elf:1    | Entered Level 1 of the Elven Halls
 22019 | Elf:1    | Reached skill level 19 in Invocations
 22245 | Elf:1    | Noticed Agnes
 22255 | Elf:1    | Killed Agnes
 22605 | Elf:1    | Reached skill level 15 in Polearms
 22682 | Elf:1    | Noticed a Tzitzimitl
 22764 | Orc:2    | Lost mutation: You occasionally shout uncontrollably at
                  | your foes. [potion of mutation]
 22764 | Orc:2    | Lost mutation: You are weak. (Str -2) [potion of mutation]
 22764 | Orc:2    | Gained mutation: Your flesh is cold resistant. (rC+)
                  | [potion of mutation]
 22764 | Orc:2    | Gained mutation: Your mind is acute. (Int +4, Str/Dex -1)
                  | [potion of mutation]
 22764 | Orc:2    | Gained mutation: You have a pair of small antennae on your
                  | head. [potion of mutation]
 22922 | D:14     | Found a runed translucent gate.
 22922 | D:14     | Found a runed translucent gate.
 22923 | D:14     | Found a runed translucent gate.
 22926 | D:14     | Noticed javelincjr's ghost (journeyman DjHW)
 23224 | D:15     | Entered Level 15 of the Dungeon
 23299 | D:15     | Mangled by a very large slime creature

Illustrated notes

Levels and vault maps discovered:
D:1:      dpeg_arrival_three_smaller_balls, layout_basic
D:2:      layout_loops_ring
D:3:      layout_basic, serial_shops, nicolae_shop_stone, st_stairs_9,
          minmay_misc_feat_doors, eino_curves_03, uniq_robin
D:4:      minmay_wonky_spiral, layout_basic,
          mainiacjoe_overflow_surrounded_room, minivault_5
D:5:      layout_cave_pods, uniq_menkaure, uniq_eustachio
D:6:      cheibrodos_barr_body, layout_basic, minmay_crystal_room,
          minmay_pentangle, uniq_maggie, uniq_edmund
D:7:      layout_cave_pools, nicolae_uskayaw_murder_on_the_dancefloor,
          elyvilon_altar_4, minmay_temple_entry_purple_smoke
D:8:      layout_basic, serial_shops, shop_statue, kennysheep_little_box, shop,
          nicolae_shop_window_shopping
D:9:      layout_cave_pools, uniq_prince_ribbit1
D:10:     layout_stronghold, erik_lair_island, serial_shops,
          nicolae_shop_statue_plus, uniq_erolcha
D:11:     layout_roguey
D:12:     layout_loops_ring, orc_0_dummy, chequers_serial_rivers_marsh,
          uniq_lodul, uniq_nessos, uniq_rupert
D:13:     layout_gridville, david_vaults_5, serial_shops,
          nicolae_shop_behind_doors, minmay_fractal_squares_gapless_5,
          uniq_azrael
D:14:     layout_roguey, minmay_misc_feat_secret_circle, gammafunk_ghost_split,
          portal_ice_cave_entry_ice_simulacra, uniq_snorg
D:15:     hangedman_depths_entry_try_elsewhere_first, layout_loops_corners,
          uniq_roxanne
Temple:   nicolae_temple_bog_church
Lair:1:   layout_long_grid, fungi_pond_lemuel, cheibrodos_lair_reptile_den
Lair:2:   layout_gridlike, uniq_fannar
Lair:3:   layout_roguey, minmay_shoals_entry_hut,
          nicolae_spider_entry_non_spiders, basic_altar, serial_bayou_crossing
Lair:4:   layout_gridlike, slime_entry_1, serial_rivers,
          chequers_serial_rivers_room_a, chequers_serial_rivers_micro_c,
          chequers_serial_rivers_room_a, chequers_serial_rivers_micro_e,
          minivault_27, grunt_megastairs_3, infiniplex_staircase_pool_2
Lair:5:   evilmike_catoblepas_cave, layout_long_grid
Spider:1: layout_chambers, nicolae_spider_undead_wolf_pack
Spider:2: layout_cave_pods
Spider:3: layout_spider_delve
Spider:4: floodkiller_spider_rune_tomb, special_room [special_room_bee],
          uniq_mara
Orc:1:    layout_caves, basic_altar, uniq_urug
Orc:2:    st_orc_congregation, layout_caves, gauntlet_entry_generic,
          hellmonk_ghost_happy_afterlife, uniq_donald
Elf:1:    layout_gridlike, minmay_elf_demonology, lemuel_upstairs_altar,
          uniq_agnes

Skill      XL: |  1  2  3  4  5  6  7  8  9 10 11 12 13 14 15 16 17 |
---------------+----------------------------------------------------+-----
Polearms       | 2 3 5 6 7 9 10 11 12 13 14 15 | 15.0
Armour         | 3 5 6 7 8 9 |  9.0
Shields        | 3 |  3.4
Fighting       | 5 6 7 9 10 11 12 13 | 13.3
Throwing       | 3 4 5 6 7 8 9 10 | 10.7
Dodging        | 3 4 5 |  5.2
Stealth        | 3 4 5 6 |  6.9
Invocations    | 5 7 8 10 11 12 15 17 19 | 19.3
Evocations     | 3 4 5 6 7 9 10 11 12 13 | 13.8
Ranged Weapons | 1 3 4 |  4.8
Axes           | 2 4 |  4.8

Action                   |  1- 3 |  4- 6 |  7- 9 | 10-12 | 13-15 | 16-18 || total
-------------------------+-------+-------+-------+-------+-------+-------++-------
Melee: Glaive            |    27 |    42 |   110 |   275 |   509 |   443 ||  1406
       Trident           |     4 |       |       |       |       |   132 ||   136
       Executioner's axe |       |       |       |       |   118 |    40 ||   158
 Fire: Arbalest          |       |       |       |    22 |    61 |    26 ||   109
Throw: Stone             |       |    26 |    44 |    72 |       |       ||   142
       Boomerang         |       |       |    18 |    26 |    37 |   218 ||   299
       Dart              |       |       |       |    26 |   134 |   296 ||   456
       Javelin           |       |       |       |       |     1 |    18 ||    19
Invok: Heroism           |       |       |       |     1 |     2 |     8 ||    11
       Finesse           |       |       |       |     1 |       |     1 ||     2
       Duel              |       |       |       |       |       |     1 ||     1
Evoke: Wand              |       |       |     3 |     1 |     7 |    56 ||    67
       Lightning rod     |       |       |       |       |     1 |     4 ||     5
       Condenser vane    |       |       |       |       |       |     1 ||     1
       Phial of floods   |       |       |       |       |       |     1 ||     1
  Use: Scroll            |     1 |     1 |     5 |     4 |    13 |     3 ||    27
       Potion            |       |     1 |     2 |     1 |       |     1 ||     5
 Stab: Sleeping          |       |       |     4 |    10 |     9 |       ||    23
       Distracted        |       |       |       |     2 |     6 |     7 ||    15
       Paralysed         |       |       |       |     2 |     1 |     7 ||    10
       Invisible         |       |       |       |       |       |     1 ||     1
Armor: Scale mail        |    16 |     8 |     6 |       |       |       ||    30
       Leather armour    |       |       |    20 |    15 |       |       ||    35
       Troll leather arm |       |       |       |    32 |    31 |       ||    63
       Plate armour      |       |       |       |       |   409 |   390 ||   799
Dodge: Dodged            |    18 |     9 |    39 |    83 |   303 |   262 ||   714
Block: Buckler           |     2 |       |       |       |       |       ||     2
       Kite shield       |       |       |       |       |       |    48 ||    48
       Reflection        |       |       |       |       |       |     2 ||     2
